AoeStats
← 廖宇翔大帥哥

Arabia

505678541Analyzed
1v1 RM · 22d ago on Sep 10, 2026· 43m 38s· 2 players
Game mode
Random Map
Map size
Tiny (2 player)
Population
200
Speed
Normal
Resources
Standard
Victory
Conquest
Starting age
Dark Age
Ending age
Imperial Age
RankedLock teamsTeams togetherTeam positionsShared explorationLock speedFull tech treeHidden civsTurbo modeCheats
Victory
Defeat
🇹🇼 Persians · Taiwan
897
+17
🇹🇷 Goths · Türkiye
919
-17
廖宇翔大帥哥
9:25 Feudal Age
10:45 Double-Bit Axe
11:58 Forging
20:04 Horse Collar
20:17 Loom
27:23 Castle Age
43:08 Crossbowman
symptom B
5:22 Loom
9:27 Feudal Age
10:03 Double-Bit Axe
14:54 Man-at-Arms
33:34 Gold Mining
41:13 Stone Mining
Connection lost

Rejoining the realm…

Still unreachable

The connection could not be restored.

Session expired

The server has moved on; the page needs a fresh start.